 Dungeon Crawl Stone Soup version 0.31-a0-267-g3fc6992b3b (webtiles) character file.

Game seed: 16571994900462662994

286 qw the Shooter (level 6, -2/52 HPs)
             Began as a Minotaur Hexslinger on July 13, 2023.
             Succumbed to a scorpion's poison
             ... on level 5 of the Dungeon.
             The game lasted 00:01:26 (3825 turns).

qw the Shooter (Minotaur Hexslinger)                Turns: 3825, Time: 00:01:26

Health: -2/52      AC:  6    Str: 12    XL:     6   Next: 8%
Magic:  6/6        EV: 11    Int: 10    God:
Gold:   194        SH:  0    Dex: 15    Spells: 6/7 levels left

rFire   . . .        Y - +1 sling
rCold   . . .        (no shield)
rNeg    . . .        b - +0 ring mail
rPois   .            (helmet restricted)
rElec   .            (no cloak)
rCorr   .            j - +0 pair of gloves
SInv    .            (no boots)
Will    .....        (no amulet)
Stlth   +            (no ring)
HPRegen 0.28/turn    (no ring)
MPRegen 0.10/turn

%: no passive effects
@: lethally poisoned (-2 -> -22)
A: horns 2, retaliatory headbutt
a: no special abilities


You were on level 5 of the Dungeon.
You visited 1 branch of the dungeon, and saw 5 of its levels.

You collected 252 gold pieces.
You spent 58 gold pieces at shops.


Innate Abilities, Weirdness & Mutations

You have a pair of horns on your head.
You reflexively headbutt those who attack you in melee.


   Skills:
 + Level 3.8 Fighting
 - Level 6.0 Ranged Weapons
 - Level 1.0 Armour
 - Level 2.1 Dodging
 - Level 1.0 Spellcasting
 - Level 2.0 Hexes


You had 6 spell levels left.
You knew the following spells:

 Your Spells              Type           Power      Damage    Failure   Level
a - Slow                  Hex            16%        N/A       34%         1

Your spell library contained the following spells:

 Spells                   Type           Power      Damage    Failure   Level
 Inner Flame              Hex/Fire       2%         N/A       83%         3
 Portal Projectile        Hex/Tloc       4%         N/A       83%         3
 Cause Fear               Hex            2%         N/A       98%         4

Inventory:

Hand Weapons
 Y - a +1 sling (weapon)
Armour
 b - a +0 ring mail (worn)
 j - a +0 pair of gloves (worn)
Scrolls
 a - a scroll of identify
Potions
 e - a potion of curing
 k - a potion of attraction {unknown}

Dungeon Overview and Level Annotations

Branches:
Dungeon (5/15)
 Temple: D:4-7

Altars:
Sif Muna
Uskayaw
Wu Jian
Xom

Shops:
D:1 [

Annotations:
D:3 1 runed translucent door, Crazy Yiuf


Message History

You feel very sick.
The scorpion stings you but does no damage.
You shoot a sling bullet.
The sling bullet closely misses the scorpion.
The sling bullet barely misses the adder.
You feel very sick.
The scorpion stings you but does no damage.
You shoot a sling bullet.
The sling bullet hits the scorpion but does no damage.
The scorpion is heavily wounded.
You feel sick. The scorpion completely misses you. The scorpion stings you.
You shoot a sling bullet. The sling bullet hits the scorpion.
The scorpion is severely wounded.
You feel sick. The scorpion stings you.
You shoot a sling bullet.
The sling bullet hits the scorpion but does no damage.
The scorpion is severely wounded.
You feel sick. The scorpion barely misses you. The scorpion stings you.
You are more poisoned.
The scorpion poisons you!
You shoot a sling bullet. The sling bullet hits the scorpion.
The scorpion is almost dead.
You feel very sick. The scorpion stings you.
You shoot a sling bullet.
The sling bullet hits the scorpion but does no damage.
The scorpion is almost dead.
You feel sick. The scorpion stings you.
You are lethally poisoned!
The scorpion poisons you! The scorpion stings you.
You are more poisoned.
The scorpion poisons you!
You shoot a sling bullet.
The sling bullet barely misses the scorpion.
The sling bullet barely misses the adder.
You feel extremely sick.
The scorpion stings you but does no damage.
You shoot a sling bullet. The sling bullet hits the scorpion.
You kill the scorpion!
You die...

# #. #..
#...
#....#####
#...S%@%.#
#....###.#
###+ #.#
#.# #<#
###


You could see an adder.

Vanquished Creatures
  A scorpion (D:5)
  2 hounds (D:4)
  An orc priest (D:3)
  An iguana (D:4)
  Robin (D:3)
  4 adders
  3 worms (D:2)
  4 dart slugs
  3 orcs (D:3)
  12 endoplasms
  A giant cockroach (D:2)
  15 goblins
  12 hobgoblins
  3 jackals (D:1)
  2 quokkas (D:4)
  6 ball pythons
  4 bats
  5 frilled lizards
  19 kobolds
  6 rats
105 creatures vanquished.

Notes
Turn   | Place    | Note
-------+----------+-------------------------------------------
     0 | D:1      | qw the Minotaur Hexslinger began the quest for the Orb.
     0 | D:1      | Reached XP level 1. HP: 16/16 MP: 1/1
     0 | D:1      | 0 ||| qw: Version: 0.3-a-52-g30416fa
     0 | D:1      | 0 ||| qw: Game counter: 7753
     0 | D:1      | 0 ||| qw: Melee chars always use a shield: true
     0 | D:1      | 0 ||| qw: God list: Okawaru
     0 | D:1      | 0 ||| qw: Allow faded altars: false
     0 | D:1      | 0 ||| qw: Do Orc after clearing Dungeon:15 true
     0 | D:1      | 0 ||| qw: Do second Lair branch before Depths: true
     0 | D:1      | 0 ||| qw: Lair rune preference: random
     0 | D:1      | 0 ||| qw: Goals: Normal
     0 | D:1      | 0 ||| PLANNING D:1-11
   123 | D:1      | Reached skill level 3 in Ranged Weapons
   163 | D:1      | Reached XP level 2. HP: 23/23 MP: 2/2
   454 | D:1      | Found Wup Luon's Armour Shoppe.
   477 | D:1      | 477 ||| BUYING +0 pair of gloves (58 gold).
   477 | D:1      | Bought a +0 pair of gloves for 58 gold pieces
   477 | D:1      | 477 ||| SHOPLISTING +0 ring mail (52 gold, have 13).
   492 | D:1      | Reached XP level 3. HP: 24/29 MP: 3/3
   866 | D:1      | Found a shimmering blue altar of Sif Muna.
   873 | D:1      | 873 ||| UPGRADING to +0 leather armour.
   883 | D:1      | 883 ||| DROPPING +0 robe.
   884 | D:1      | 884 ||| UPGRADING to +0 pair of gloves.
   889 | D:1      | 889 ||| READING 3 scrolls labelled WAYDOF XUOSE.
   890 | D:1      | 890 ||| READING 3 scrolls labelled VOEMPI JEYV.
   895 | D:1      | 895 ||| READING scroll labelled GUASELLI KYWA.
   896 | D:1      | 896 ||| READING scroll labelled PUROT ARUETOO.
   897 | D:1      | 897 ||| READING scroll labelled DIORPH KANGUKE.
   898 | D:1      | 898 ||| READING 2 scrolls of identify.
   898 | D:1      | 898 ||| IDENTIFYING blue potion
   899 | D:1      | 899 ||| DROPPING scroll of poison.
   900 | D:1      | 900 ||| DROPPING potion of lignification.
   954 | D:2      | Reached skill level 4 in Ranged Weapons
  1323 | D:2      | Reached XP level 4. HP: 36/36 MP: 4/4
  1647 | D:2      | 1647 ||| UPGRADING to +0 ring mail.
  1657 | D:2      | 1657 ||| DROPPING scarf of shadows.
  1658 | D:2      | 1658 ||| DROPPING +0 leather armour.
  1736 | D:3      | Found a runed translucent door.
  1737 | D:3      | Noticed Crazy Yiuf
  1778 | D:3      | Reached skill level 1 in Armour
  1789 | D:3      | Noticed Robin
  1810 | D:3      | HP: 7/36 [hobgoblin[Robin] (4)]
  1811 | D:3      | 1811 ||| READING 2 scrolls of teleportation.
  2058 | D:3      | 2058 ||| FLEEEEING.
  2076 | D:3      | Killed Robin
  2077 | D:3      | Reached skill level 5 in Ranged Weapons
  2351 | D:3      | Reached skill level 3 in Fighting
  2351 | D:3      | Reached XP level 5. HP: 25/45 MP: 5/5
  2826 | D:3      | 2826 ||| READING scroll labelled MULEIPSO XIKAK.
  2827 | D:3      | 2827 ||| DRINKING 2 ruby potions.
  2960 | D:4      | Reached skill level 6 in Ranged Weapons
  3035 | D:4      | Found an ornate altar of the Wu Jian Council.
  3043 | D:4      | Noticed a +0 dagger
  3043 | D:4      | Noticed a +0 spear
  3043 | D:4      | Noticed a +0 falchion
  3044 | D:4      | Noticed a +0 short sword
  3044 | D:4      | Noticed a +0 short sword
  3044 | D:4      | Noticed a +0 dagger
  3044 | D:4      | Noticed a +0 falchion
  3044 | D:4      | Noticed a +0 spear
  3053 | D:4      | Found a hide-covered altar of Uskayaw.
  3065 | D:4      | Reached XP level 6. HP: 34/52 MP: 6/6
  3186 | D:4      | HP: 1/52 [ogre/+0 giant spiked club (33)]
  3187 | D:4      | 3187 ||| READING scroll of teleportation.
  3188 | D:4      | 3188 ||| DRINKING potion of heal wounds.
  3705 | D:4      | Found a shimmering altar of Xom.
  3756 | D:4      | 3756 ||| READING scroll labelled NYDDEJ ZOMO.
  3757 | D:4      | 3757 ||| DRINKING 2 silvery potions.
  3758 | D:4      | 3758 ||| READING 2 scrolls of identify.
  3758 | D:4      | 3758 ||| IDENTIFYING bubbling blue potion
  3759 | D:4      | 3759 ||| DROPPING potion of berserk rage.
  3798 | D:5      | Entered Level 5 of the Dungeon
  3823 | D:5      | HP: 13/52 [scorpion (2)]
  3824 | D:5      | HP: 4/52 [poisoned by a scorpion]
  3825 | D:5      | Succumbed to a scorpion's poison

Levels and vault maps discovered:
D:1:      dpeg_arrival_water_altar, layout_basic, serial_shops, shop
D:2:      layout_basic, serial_bayou_pond_b, minmay_misc_feat_encased,
          grunt_ministairs_9, corexii_hall_statues_deadend
D:3:      layout_loops_ring, nrook_uturn, lexackson_kobold_supper, uniq_robin,
          uniq_crazy_yiuf_cottage
D:4:      layout_rooms, mainiacjoe_overflow_catwalk_spiral,
          nicolae_uskayaw_en_pointe, grunt_ministairs_13, roderic_lattice_a,
          minmay_misc_feat_square
D:5:      layout_basic, gammafunk_ghost_stat_death

Skill      XL: |  1  2  3  4  5 |
---------------+----------------+-----
Ranged Weapons | 3 4 5 6 |  6.0
Fighting       | 2 3 |  3.8
Armour         | 1 |  1.0
Dodging        | |  2.1
Spellcasting   | |  1.0
Hexes          | |  2.0

Action                     |  1- 3 |  4- 6 || total
---------------------------+-------+-------++-------
   Fire: Sling             |   114 |   214 ||   328
    Use: Scroll            |     6 |     5 ||    11
         Potion            |       |     3 ||     3
 Armour: Robe              |     1 |       ||     1
         Leather armour    |     9 |       ||     9
         Ring mail         |       |    54 ||    54
  Dodge: Dodged            |    26 |    65 ||    91

Table legend:
 A = Non-vault XP
 B = Vault XP
 C = Vault XP percentage of total XP
 D = Non-vault monster count
 E = Vault monster count
 F = Vault count percentage of total count
                 A         B        C        D         E       F
            +---------+---------+-------+---------+---------+-------
      Total |     433 |      63 |  12.7 |      78 |      27 |  25.7
            +---------+---------+-------+---------+---------+-------
        D:1 |      48 |       0 |   0.0 |      29 |       0 |   0.0
        D:2 |      41 |      12 |  22.6 |      15 |       5 |  25.0
        D:3 |      92 |      47 |  33.8 |      14 |      20 |  58.8
        D:4 |     161 |       4 |   2.4 |      18 |       2 |  10.0
        D:5 |      91 |       0 |   0.0 |       2 |       0 |   0.0
            +---------+---------+-------+---------+---------+-------
